 Dungeon Crawl Stone Soup version 0.29.0-4-gdea44cf6ec (webtiles) character file.

Game seed: 11791870971527506151

10740 qw the Severer (level 11, -9/100 (104) HPs)
             Began as a Minotaur Berserker on Sept 9, 2022.
             Was a Priest of Trog.
             Mangled by a black mamba (13 damage)
             ... on level 2 of the Lair of Beasts.
             The game lasted 00:03:40 (12243 turns).

qw the Severer (Minotaur Berserker)                Turns: 12243, Time: 00:03:41

HP:   -9/100 (104)  AC:  7    Str: 26    XL:     11   Next: 40%
MP:   10/10         EV: 11    Int:  7    God:    Trog [***...]
Gold: 191           SH:  0    Dex: 10    Spells: 10/10 levels left

rFire   + . .      SeeInvis .   Y - +0 war axe
rCold   . . .      Faith    .   (no shield)
rNeg    . . .      Spirit   .   b - +0 scale mail "Nilets" {rElec rF+ Int+3}
rPois   +          Reflect  .   (helmet restricted)
rElec   +          Harm     .   c - scarf {repulsion}
rCorr   .          Rampage  .   (no gloves)
Will    .....                   (no boots)
Stlth   ..........              e - amulet of the acrobat
HPRegen 0.26/turn               f - ring of poison resistance
MPRegen 0.12/turn               (no ring)

@: about to teleport, on berserk cooldown, slowed, lightly drained, repel
missiles, very slow
A: horns 2, retaliatory headbutt
a: Renounce Religion, Berserk, Trog's Hand


You were on level 2 of the Lair of Beasts.
You worshipped Trog.
Trog was most pleased with you.
You visited 2 branches of the dungeon, and saw 13 of its levels.

You collected 725 gold pieces.
You spent 534 gold pieces at shops.


Innate Abilities, Weirdness & Mutations

You have a pair of horns on your head.
You reflexively headbutt those who attack you in melee.


   Skills:
 - Level 12.1 Fighting
 - Level 16.0 Axes
 + Level 4.7 Throwing
 - Level 5.2 Armour
 - Level 5.1 Dodging


You had 10 spell levels left.
You didn't know any spells.
Your spell library was empty.

Inventory:

Hand Weapons
 a - a +1 flail of draining
 Y - a +0 war axe (weapon)
Missiles
 q - 4 javelins (quivered)
Armour
 b - the +0 scale mail "Nilets" (worn) {rElec rF+ Int+3}
   (You acquired it on level 2 of the Dungeon)

   Int:       It affects your intelligence (+3).
   rF:        It protects you from fire.
   rElec:     It insulates you from electricity.
 c - a scarf of repulsion (worn)
 i - a +1 cloak
 m - a +0 chain mail
Jewellery
 e - an amulet of the acrobat (around neck)
 f - a ring of poison resistance (left hand)
 l - an amulet of guardian spirit
Scrolls
 h - 7 scrolls of identify
 n - 3 scrolls of teleportation
 r - 2 scrolls of enchant armour
Potions
 d - 3 potions of haste
 g - 7 potions of curing
 j - 5 potions of might
 k - 4 potions of heal wounds
 o - a potion of resistance

Dungeon Overview and Level Annotations

Branches:
Dungeon (11/15)            Temple (0/1) D:6            Lair (2/5) D:9
  Snake (0/4) Lair:2
  Swamp: Lair:2-3    Shoals: Lair:2-3       Orc: D:9-12

Altars:
Cheibriados
Dithmenos
Elyvilon
Fedhas
Makhleb
Okawaru
Qazlal
Sif Muna
Xom
Yredelemnul
The Shining One

Shops:
D:4 !   D:8 ?=*?(

Portals:
Trove: D:10 (give 15 scrolls of teleportation)

Annotations:
D:5 2 runed translucent doors, qw's ghost, novice GrBe
D:10 Urug


Message History

The naga is severely wounded.
You slash the water moccasin! You slash the plant! You slash the naga!
A nearby plant withers and dies.
The water moccasin bites you.
You closely miss the naga. Your headbutt misses the naga.
The naga is severely wounded.
You closely miss the water moccasin. You closely miss the naga.
The naga barely misses you. The naga hits you with a +0 mace!
The naga constricts you.
You closely miss the naga.
The naga is severely wounded.
You slice the water moccasin!!
You kill the water moccasin!
Trog accepts your kill.
You hit the naga. You closely miss the naga.
The naga is severely wounded.
You closely miss the naga. The naga spits poison at you.
The splash of poison is repelled.
The naga hits you with a +0 mace! The naga constricts you.
You hit the naga.
The naga is almost dead.
You slash the naga!
You kill the naga!
Trog accepts your kill.
You slice the naga!!
You kill the naga!
Trog accepts your kill.
You start resting.
You feel a strong urge to attack something.
You feel your anger nearly subside.
You are no longer berserk.
You are exhausted.
You feel yourself slow down.
A black mamba comes into view.
12243 ||| READING 4 scrolls of teleportation.
As you read the scroll of teleportation, it crumbles to dust.
You feel strangely unstable.
The black mamba hisses angrily.
The black mamba bites you! x2
You die...

...# ...# #.# ...# # P.~
# ...# #~ ... ~#
...#########~~77.77~.###
...##..#..##~.7...7.~#P#
...%............>......
.<....<....#7~7))S7~~#
.#.#.P######.P77@77~~#
.###### #~.P...PP7 ..#
##7P~.~7~# .## ###.## #
.### ##..###
...###########..##.#####
.............^..........
....|...........).......
.........#.###P#######.#


You could see a black mamba.

Vanquished Creatures
  Harold (D:10)
  Erica (D:10)
  2 two-headed ogres
  Sonja (Lair:1)
  Pikel (D:8)
  A cyclops (D:11)
  3 cane toads
  2 komodo dragons (Lair:2)
  A rime drake (Lair:1)
  3 blink frogs (Lair:1)
  A wraith (D:10)
  A wyvern (Lair:1)
  A steam dragon (D:7)
  4 vampire mosquitoes (D:9)
  2 nagas (Lair:2)
  Duvessa (D:6)
  4 water moccasins
  An acid dragon (D:10)
  2 sky beasts
  An ice beast (D:8)
  A black bear (D:7)
  3 ogres
  2 centaurs
  A phantom (D:5)
  2 kobold brigands
  3 bullfrogs (Lair:1)
  A gnoll sergeant (D:6)
  4 necrophages
  3 scorpions
  Dowan (D:6)
  11 killer bees
  6 howler monkeys
  2 jellies
  4 hounds
  6 orc priests
  2 iguanas
  4 orc wizards
  10 gnolls
  3 adders
  3 white imps
  A worm (D:5)
  3 dart slugs
  25 orcs
  8 bats
  4 endoplasms
  A giant cockroach (D:3)
  7 goblins
  4 hobgoblins
  9 jackals
  8 quokkas
  6 ball pythons
  5 frilled lizards
  20 kobolds
  7 rats
214 creatures vanquished.

Vanquished Creatures (others)
  3 fungi (Lair:2)
  42 plants
  12 toadstools (Lair:2)
57 creatures vanquished.

Grand Total: 271 creatures vanquished

Notes
Turn   | Place    | Note
-------+----------+-------------------------------------------
     0 | D:1      | qw the Minotaur Berserker began the quest for the Orb.
     0 | D:1      | Reached XP level 1. HP: 19/19 MP: 0/0
     0 | D:1      | 0 ||| qw: Version: 0.1-a-113-g051387a
     0 | D:1      | 0 ||| qw: Game counter: 7026
     0 | D:1      | 0 ||| qw: Always use a shield: true
     0 | D:1      | 0 ||| qw: Do Orc after D:15 true
     0 | D:1      | 0 ||| qw: Do second Lair branch before Depths: true
     0 | D:1      | 0 ||| qw: Lair rune preference: random
     0 | D:1      | 0 ||| qw: Plans: Normal
     0 | D:1      | 0 ||| PLANNING D:1-11
   139 | D:1      | Reached skill level 4 in Axes
   275 | D:1      | Reached XP level 2. HP: 26/26 MP: 1/1
   545 | D:1      | 545 ||| Stepping ~*~*~tactically~*~*~ (stealth).
   636 | D:1      | 636 ||| Stepping ~*~*~tactically~*~*~ (hiding).
   637 | D:1      | 637 ||| Stepping ~*~*~tactically~*~*~ (hiding).
   747 | D:1      | 747 ||| Stepping ~*~*~tactically~*~*~ (stealth).
   780 | D:1      | 780 ||| SWAPPING to +2 hand axe of electrocution.
   781 | D:1      | 781 ||| DROPPING +0 hand axe.
   837 | D:1      | 837 ||| Stepping ~*~*~tactically~*~*~ (stealth).
   848 | D:1      | 848 ||| Stepping ~*~*~tactically~*~*~ (stealth).
   856 | D:1      | Reached skill level 5 in Axes
   929 | D:1      | Found a faded altar of an unknown god.
   955 | D:1      | Reached ** piety under Trog
  1031 | D:1      | Reached XP level 3. HP: 31/31 MP: 2/2
  1045 | D:1      | 1045 ||| Stepping ~*~*~tactically~*~*~ (stealth).
  1443 | D:1      | 1443 ||| UPGRADING to +0 cloak.
  1448 | D:1      | 1448 ||| READING scroll labelled UGEXYRO TITAU.
  1451 | D:1      | 1451 ||| READING 2 scrolls labelled ARREUC UNK.
  1452 | D:1      | 1452 ||| READING 2 scrolls labelled AVUICUU XUYH.
  1453 | D:1      | 1453 ||| DRINKING 2 glowing ruby potions.
  1454 | D:1      | 1454 ||| DROPPING potion of invisibility.
  1455 | D:1      | 1455 ||| DROPPING scroll of magic mapping.
  1484 | D:2      | 1484 ||| Stepping ~*~*~tactically~*~*~ (stealth).
  1485 | D:2      | 1485 ||| Stepping ~*~*~tactically~*~*~ (stealth).
  1525 | D:2      | 1525 ||| Stepping ~*~*~tactically~*~*~ (stealth).
  1561 | D:2      | 1561 ||| Stepping ~*~*~tactically~*~*~ (stealth).
  1933 | D:2      | 1933 ||| Stepping ~*~*~tactically~*~*~ (stealth).
  1935 | D:2      | 1935 ||| Stepping ~*~*~tactically~*~*~ (stealth).
  2122 | D:2      | 2122 ||| UPGRADING to +0 ring mail.
  2132 | D:2      | 2132 ||| DROPPING +0 animal skin.
  2133 | D:2      | 2133 ||| UPGRADING to +0 chain mail.
  2143 | D:2      | 2143 ||| DROPPING +0 ring mail.
  2144 | D:2      | 2144 ||| UPGRADING to amulet of the acrobat.
  2149 | D:2      | 2149 ||| DROPPING amulet of magic regeneration.
  2150 | D:2      | 2150 ||| READING scroll labelled WAIS DIEDEN.
  2150 | D:2      | Identified a scroll of acquirement
  2150 | D:2      | 2150 ||| ACQUIRING +0 scale mail "Nilets" {rElec rF+ Int+3}
  2150 | D:2      | Acquired the +0 scale mail "Nilets" {rElec rF+ Int+3}
  2152 | D:2      | 2152 ||| UPGRADING to +0 scale mail "Nilets" {rElec rF+
                  | Int+3}.
  2162 | D:2      | 2162 ||| READING scroll labelled RALAMU KOUWU.
  2163 | D:2      | 2163 ||| DRINKING 2 pink potions.
  2164 | D:2      | 2164 ||| READING 3 scrolls of identify.
  2164 | D:2      | 2164 ||| IDENTIFYING orange potion
  2165 | D:2      | 2165 ||| READING 2 scrolls of identify.
  2165 | D:2      | 2165 ||| IDENTIFYING ruby potion
  2166 | D:2      | 2166 ||| DROPPING potion of attraction.
  2167 | D:2      | 2167 ||| Stepping randomly (stuck).
  2168 | D:2      | 2168 ||| Stepping ~*~*~tactically~*~*~ (cloud).
  2391 | D:3      | 2391 ||| DROPPING +0 club.
  2395 | D:3      | 2395 ||| Stepping ~*~*~tactically~*~*~ (stealth).
  2405 | D:3      | 2405 ||| DROPPING +0 whip.
  2488 | D:3      | 2488 ||| Stepping ~*~*~tactically~*~*~ (stealth).
  2493 | D:3      | 2493 ||| Stepping ~*~*~tactically~*~*~ (hiding).
  2496 | D:3      | 2496 ||| INVOKING Berserk.
  2499 | D:3      | Reached skill level 6 in Axes
  2499 | D:3      | Reached XP level 4. HP: 39/39 MP: 3/3
  2637 | D:3      | 2637 ||| Stepping ~*~*~tactically~*~*~ (stealth).
  2680 | D:3      | 2680 ||| Stepping ~*~*~tactically~*~*~ (hiding).
  3030 | D:3      | 3030 ||| READING scroll labelled LYUTHR LUN RIN.
  3031 | D:3      | 3031 ||| READING scroll labelled ATTYWK QIPYONU.
  3032 | D:3      | 3032 ||| READING scroll labelled CUDGHIT YLOFOSCH.
  3033 | D:3      | 3033 ||| DRINKING 2 lumpy purple potions.
  3034 | D:3      | 3034 ||| READING 3 scrolls of identify.
  3034 | D:3      | 3034 ||| IDENTIFYING smoky orange potion
  3035 | D:3      | 3035 ||| DROPPING potion of degeneration.
  3036 | D:3      | 3036 ||| DROPPING potion of lignification.
  3073 | D:4      | Identified the +11 rapier of Bloody Death {holy, Dex+3}
  3300 | D:4      | 3300 ||| Stepping ~*~*~tactically~*~*~ (stealth).
  3304 | D:4      | 3304 ||| Stepping ~*~*~tactically~*~*~ (stealth).
  3326 | D:4      | 3326 ||| FLEEEEING.
  3327 | D:4      | 3327 ||| FLEEEEING.
  3372 | D:4      | Noticed a necrophage
  3373 | D:4      | 3373 ||| Stepping ~*~*~tactically~*~*~ (stealth).
  3376 | D:4      | 3376 ||| INVOKING Berserk.
  3380 | D:4      | Reached skill level 7 in Axes
  3380 | D:4      | Reached XP level 5. HP: 45/45 MP: 4/4
  3382 | D:4      | Reached *** piety under Trog
  3428 | D:4      | Identified the +8 mace of Vucipho {antimagic, rC+ Int+6
                  | Dex-3}
  3435 | D:4      | Noticed an ogre
  3441 | D:4      | 3441 ||| INVOKING Berserk.
  3447 | D:4      | Killed an ogre
  3448 | D:4      | Reached XP level 6. HP: 53/53 MP: 5/5
  3457 | D:4      | 3457 ||| FLEEEEING.
  3458 | D:4      | 3458 ||| FLEEEEING.
  3459 | D:4      | 3459 ||| FLEEEEING.
  3460 | D:4      | 3460 ||| FLEEEEING.
  3461 | D:4      | 3461 ||| FLEEEEING.
  3464 | D:4      | 3464 ||| FLEEEEING.
  3466 | D:4      | 3466 ||| FLEEEEING.
  3471 | D:4      | 3471 ||| STAIRDANCE
  3527 | D:3      | 3527 ||| READING scroll labelled XOOSEIFODI.
  3528 | D:3      | 3528 ||| READING 3 scrolls of identify.
  3528 | D:3      | 3528 ||| IDENTIFYING fizzy black potion
  3529 | D:3      | 3529 ||| DROPPING potion of brilliance.
  3535 | D:4      | 3535 ||| DROPPING +0 flail.
  3536 | D:4      | 3536 ||| DROPPING +8 mace of Vucipho {antimagic, rC+ Int+6
                  | Dex-3}.
  3552 | D:4      | Found a shimmering blue altar of Sif Muna.
  3620 | D:4      | 3620 ||| Stepping ~*~*~tactically~*~*~ (stealth).
  3621 | D:4      | 3621 ||| Stepping ~*~*~tactically~*~*~ (stealth).
  3627 | D:4      | 3627 ||| INVOKING Berserk.
  3628 | D:4      | 3628 ||| INVOKING Berserk.
  3630 | D:4      | Reached skill level 8 in Axes
  3791 | D:4      | Found a shimmering altar of Xom.
  3794 | D:4      | Found Nalah's Distillery.
  3801 | D:4      | 3801 ||| BUYING 2 potions of curing (60 gold).
  3801 | D:4      | Bought 2 potions of curing for 60 gold pieces
  3801 | D:4      | 3801 ||| BUYING potion of heal wounds (50 gold).
  3801 | D:4      | Bought a potion of heal wounds for 50 gold pieces
  3801 | D:4      | 3801 ||| BUYING potion of heal wounds (50 gold).
  3801 | D:4      | Bought a potion of heal wounds for 50 gold pieces
  3801 | D:4      | 3801 ||| BUYING potion of might (40 gold).
  3801 | D:4      | Bought a potion of might for 40 gold pieces
  3801 | D:4      | 3801 ||| BUYING potion of might (40 gold).
  3801 | D:4      | Bought a potion of might for 40 gold pieces
  3801 | D:4      | 3801 ||| SHOPLISTING potion of mutation (80 gold, have 10).
  3981 | D:4      | Found a glowing golden altar of the Shining One.
  4154 | D:4      | Found a blossoming altar of Fedhas.
  4382 | D:4      | 4382 ||| READING scroll labelled LASTAH WUIJI.
  4383 | D:4      | 4383 ||| READING scroll labelled OXUBIM SUUME.
  4384 | D:4      | 4384 ||| READING 2 scrolls of identify.
  4384 | D:4      | 4384 ||| IDENTIFYING red potion
  4385 | D:4      | 4385 ||| DROPPING potion of flight.
  4424 | D:5      | Entered Level 5 of the Dungeon
  4429 | D:5      | 4429 ||| READING scroll of enchant armour.
  4429 | D:5      | 4429 ||| ENCHANTING +0 cloak.
  4489 | D:5      | 4489 ||| INVOKING Berserk.
  4491 | D:5      | Reached skill level 9 in Axes
  4669 | D:5      | 4669 ||| INVOKING Berserk.
  4818 | D:5      | 4818 ||| Stepping ~*~*~tactically~*~*~ (stealth).
  4902 | D:5      | Reached XP level 7. HP: 60/60 MP: 6/6
  4947 | D:5      | 4947 ||| INVOKING Berserk.
  5028 | D:5      | 5028 ||| Stepping ~*~*~tactically~*~*~ (stealth).
  5046 | D:5      | Found a large runed translucent door.
  5047 | D:5      | Found a large runed translucent door.
  5060 | D:5      | Noticed qw's ghost (novice GrBe)
  5246 | D:5      | Reached skill level 10 in Axes
  5346 | D:5      | Reached skill level 6 in Fighting
  5485 | D:5      | Reached XP level 8. HP: 70/70 MP: 7/7
  5640 | D:5      | 5640 ||| UPGRADING to scarf of repulsion.
  5670 | D:6      | 5670 ||| INVOKING Berserk.
  5676 | D:6      | Found a staircase to the Ecumenical Temple.
  5680 | D:6      | Reached skill level 11 in Axes
  5858 | D:6      | Noticed Dowan
  5859 | D:6      | 5859 ||| Stepping ~*~*~tactically~*~*~ (stealth).
  5860 | D:6      | Noticed Duvessa
  5861 | D:6      | 5861 ||| Stepping ~*~*~tactically~*~*~ (stealth).
  5869 | D:6      | 5869 ||| INVOKING Berserk.
  5876 | D:6      | Killed Dowan
  5880 | D:6      | Killed Duvessa
  5978 | D:6      | Found a white marble altar of Elyvilon.
  5985 | D:6      | Reached skill level 12 in Axes
  6014 | D:6      | Reached skill level 1 in Throwing
  6036 | D:6      | Found a shadowy altar of Dithmenos.
  6214 | D:6      | 6214 ||| Stepping ~*~*~tactically~*~*~ (stealth).
  6216 | D:6      | 6216 ||| Stepping ~*~*~tactically~*~*~ (hiding).
  6235 | D:6      | 6235 ||| INVOKING Berserk.
  6446 | D:6      | 6446 ||| Stepping ~*~*~tactically~*~*~ (hiding).
  6449 | D:6      | 6449 ||| INVOKING Berserk.
  6459 | D:6      | Reached skill level 3 in Armour
  6536 | D:6      | 6536 ||| SWAPPING to +0 war axe.
  6537 | D:6      | 6537 ||| DROPPING +2 hand axe of electrocution.
  6628 | D:6      | 6628 ||| DROPPING scarf of repulsion.
  6629 | D:6      | 6629 ||| DROPPING ring of magical power.
  6648 | D:7      | Found a snail-covered altar of Cheibriados.
  6651 | D:7      | 6651 ||| STAIRDANCE
  6691 | D:7      | 6691 ||| STAIRDANCE
  6693 | D:6      | 6693 ||| INVOKING Berserk.
  6802 | D:7      | 6802 ||| STAIRDANCE
  6807 | D:7      | 6807 ||| STAIRDANCE
  7135 | D:7      | 7135 ||| Stepping ~*~*~tactically~*~*~ (stealth).
  7136 | D:7      | 7136 ||| Stepping ~*~*~tactically~*~*~ (stealth).
  7137 | D:7      | 7137 ||| Stepping ~*~*~tactically~*~*~ (stealth).
  7180 | D:7      | 7180 ||| Stepping ~*~*~tactically~*~*~ (hiding).
  7193 | D:7      | Reached XP level 9. HP: 70/79 MP: 8/8
  7198 | D:7      | 7198 ||| FLEEEEING.
  7199 | D:7      | 7199 ||| FLEEEEING.
  7200 | D:7      | 7200 ||| FLEEEEING.
  7201 | D:7      | 7201 ||| FLEEEEING.
  7202 | D:7      | 7202 ||| FLEEEEING.
  7203 | D:7      | 7203 ||| FLEEEEING.
  7204 | D:7      | 7204 ||| FLEEEEING.
  7205 | D:7      | 7205 ||| FLEEEEING.
  7206 | D:7      | 7206 ||| FLEEEEING.
  7207 | D:7      | 7207 ||| FLEEEEING.
  7208 | D:7      | 7208 ||| FLEEEEING.
  7209 | D:7      | 7209 ||| FLEEEEING.
  7210 | D:7      | 7210 ||| FLEEEEING.
  7211 | D:7      | 7211 ||| FLEEEEING.
  7212 | D:7      | 7212 ||| FLEEEEING.
  7213 | D:7      | 7213 ||| FLEEEEING.
  7214 | D:7      | 7214 ||| FLEEEEING.
  7215 | D:7      | 7215 ||| FLEEEEING.
  7220 | D:7      | 7220 ||| Stepping ~*~*~tactically~*~*~ (hiding).
  7227 | D:7      | 7227 ||| INVOKING Berserk.
  7232 | D:7      | Reached skill level 13 in Axes
  7571 | D:7      | Reached skill level 3 in Dodging
  7651 | D:7      | Found a basalt altar of Yredelemnul.
  7656 | D:7      | 7656 ||| INVOKING Berserk.
  7875 | D:7      | 7875 ||| READING 3 scrolls of identify.
  7875 | D:7      | 7875 ||| IDENTIFYING purple potion
  7876 | D:7      | 7876 ||| DROPPING potion of berserk rage.
  7898 | D:8      | 7898 ||| STAIRDANCE
  7902 | D:8      | 7902 ||| STAIRDANCE
  7907 | D:7      | Reached **** piety under Trog
  7960 | D:8      | Found Meuck's Jewellery Shop.
  7967 | D:8      | Noticed a two-headed ogre
  7968 | D:8      | 7968 ||| SHOPLISTING +6 ring of strength (432 gold, have
                  | 262).
  7968 | D:8      | 7968 ||| SHOPLISTING amulet of reflection (360 gold, have
                  | 262).
  7968 | D:8      | 7968 ||| SHOPLISTING ring of ice (300 gold, have 262).
  7968 | D:8      | 7968 ||| BUYING ring of poison resistance (240 gold).
  7968 | D:8      | Bought a ring of poison resistance for 240 gold pieces
  7968 | D:8      | 7968 ||| SHOPLISTING ring of poison resistance (240 gold,
                  | have 22).
  7968 | D:8      | 7968 ||| SHOPLISTING ring of positive energy (240 gold,
                  | have 22).
  7968 | D:8      | 7968 ||| INVOKING Berserk.
  7974 | D:8      | Killed a two-headed ogre
  7975 | D:8      | Reached skill level 9 in Fighting
  8196 | D:8      | 8196 ||| Stepping ~*~*~tactically~*~*~ (stealth).
  8212 | D:8      | Found Qiajisuf's General Store.
  8216 | D:8      | Found Vaotetow's Antique Weapon Shoppe.
  8240 | D:8      | 8240 ||| SHOPLISTING potion of haste (150 gold, have 22).
  8240 | D:8      | 8240 ||| SHOPLISTING potion of mutation (120 gold, have
                  | 22).
  8345 | D:8      | Found an iron altar of Okawaru.
  8388 | D:8      | Found a stormy altar of Qazlal.
  8390 | D:8      | 8390 ||| Stepping ~*~*~tactically~*~*~ (stealth).
  8391 | D:8      | Noticed Pikel
  8394 | D:8      | 8394 ||| INVOKING Berserk.
  8396 | D:8      | Killed Pikel
  8397 | D:8      | Reached skill level 14 in Axes
  8514 | D:8      | 8514 ||| Stepping ~*~*~tactically~*~*~ (stealth).
  8515 | D:8      | 8515 ||| Stepping ~*~*~tactically~*~*~ (stealth).
  8525 | D:8      | 8525 ||| INVOKING Berserk.
  8525 | D:8      | HP: 30/126 [killer bee (6)]
  8528 | D:8      | Reached XP level 10. HP: 31/91 MP: 9/9
  8530 | D:8      | HP: 27/136 [poisoned by a killer bee]
  8535 | D:8      | HP: 14/91 [poisoned by a killer bee]
  8846 | D:8      | Found Wutruod's Magic Scroll Emporium.
  8854 | D:8      | 8854 ||| SHOPLISTING scroll of enchant weapon (90 gold,
                  | have 36).
  8854 | D:8      | 8854 ||| BUYING scroll of identify (24 gold).
  8854 | D:8      | Bought a scroll of identify for 24 gold pieces
  8854 | D:8      | 8854 ||| SHOPLISTING scroll of identify (24 gold, have 12).
  8977 | D:8      | Found Buxuran's Magic Scroll Shoppe.
  8987 | D:8      | 8987 ||| SHOPLISTING scroll of enchant armour (112 gold,
                  | have 34).
  8987 | D:8      | 8987 ||| SHOPLISTING scroll of enchant weapon (112 gold,
                  | have 34).
  8987 | D:8      | 8987 ||| BUYING scroll of identify (30 gold).
  8987 | D:8      | Bought a scroll of identify for 30 gold pieces
  8987 | D:8      | 8987 ||| SHOPLISTING scroll of teleportation (45 gold, have
                  | 4).
  8987 | D:8      | Identified the +1 scale mail of Supple Strength {rPois rN++
                  | Slay-6}
  9055 | D:8      | You fall into a shaft and drop 3 floors!
  9073 | D:11     | Noticed a cyclops
  9081 | D:11     | 9081 ||| INVOKING Berserk.
  9086 | D:11     | Killed a cyclops
  9199 | D:11     | 9199 ||| DROPPING +1 scale mail of Supple Strength {rPois
                  | rN++ Slay-6}.
  9200 | D:11     | 9200 ||| UPGRADING to ring of poison resistance.
  9209 | D:10     | Entered Level 10 of the Dungeon
  9209 | D:10     | Noticed a two-headed ogre
  9214 | D:10     | 9214 ||| INVOKING Berserk.
  9217 | D:10     | Killed a two-headed ogre
  9218 | D:10     | Reached skill level 15 in Axes
  9324 | D:10     | Noticed Erica
  9325 | D:10     | 9325 ||| Stepping ~*~*~tactically~*~*~ (hiding).
  9329 | D:10     | 9329 ||| INVOKING Berserk.
  9334 | D:10     | Killed Erica
  9335 | D:10     | Reached skill level 16 in Axes
  9363 | D:10     | Noticed Urug
  9364 | D:10     | 9364 ||| Stepping ~*~*~tactically~*~*~ (stealth).
  9375 | D:10     | 9375 ||| Stepping ~*~*~tactically~*~*~ (stealth).
  9441 | D:10     | 9441 ||| Stepping ~*~*~tactically~*~*~ (stealth).
  9443 | D:10     | 9443 ||| Stepping ~*~*~tactically~*~*~ (hiding).
  9481 | D:10     | 9481 ||| Stepping ~*~*~tactically~*~*~ (stealth).
  9641 | D:10     | Found a portal to a secret trove of treasure.
  9684 | D:10     | Noticed Harold
  9688 | D:10     | 9688 ||| INVOKING Berserk.
  9693 | D:10     | Killed Harold
  9809 | D:10     | 9809 ||| READING 7 scrolls of identify.
  9809 | D:10     | 9809 ||| IDENTIFYING fuming golden potion
  9879 | D:9      | 9879 ||| INVOKING Berserk.
 10077 | D:9      | Found a staircase to the Lair.
 10112 | D:9      | Found a burning altar of Makhleb.
 10121 | D:9      | 10121 ||| READING scroll labelled TEHI LINTOUTYI.
 10354 | D:8      | 10354 ||| PLANNING LAIR
 10438 | Lair:1   | Entered Level 1 of the Lair of Beasts
 10482 | Lair:1   | 10482 ||| INVOKING Berserk.
 10497 | Lair:1   | Reached XP level 11. HP: 88/102 MP: 10/10
 10751 | Lair:1   | Noticed Sonja
 10773 | Lair:1   | 10773 ||| INVOKING Berserk.
 10780 | Lair:1   | Killed Sonja
 11299 | Lair:1   | 11299 ||| INVOKING Berserk.
 11503 | Lair:1   | 11503 ||| INVOKING Berserk.
 11507 | Lair:1   | Reached skill level 3 in Throwing
 11889 | Lair:1   | 11889 ||| READING scroll labelled WOR DOIPIY.
 11903 | Lair:2   | 11903 ||| INVOKING Berserk.
 11979 | Lair:2   | 11979 ||| INVOKING Berserk.
 11985 | Lair:2   | Reached skill level 12 in Fighting
 12090 | Lair:2   | 12090 ||| INVOKING Berserk.
 12216 | Lair:2   | Found a staircase to the Snake Pit.
 12224 | Lair:2   | 12224 ||| INVOKING Berserk.
 12227 | Lair:2   | HP: 35/145 [naga/+0 mace (11)]
 12229 | Lair:2   | HP: 16/147 [constriction (2)]
 12243 | Lair:2   | 12243 ||| READING 4 scrolls of teleportation.
 12243 | Lair:2   | HP: 4/100 [black mamba (10)]
 12243 | Lair:2   | Mangled by a black mamba

Levels and vault maps discovered:
D:1:      dpeg_arrival_erosion, layout_loops_corners,
          ebering_ecumenical_altar_webs, minmay_misc_feat_cross
D:2:      layout_loops_ring, serial_forest, infiniplex_forest_end_double,
          infiniplex_forest_clump_long, infiniplex_forest_lined_ring,
          infiniplex_forest_clump_C, infiniplex_forest_zigzag_2
D:3:      layout_rooms
D:4:      layout_layer_cave, kennysheep_little_box,
          mainiacjoe_overflow_boulevard, mainiacjoe_overflow_catwalk,
          mainiacjoe_overflow_tiny_flanked, serial_shops, shop_statue
D:5:      layout_gridville, ebering_ghost_disaster_area,
          kennysheep_generic_room_6
D:6:      layout_basic, elyvilon_altar_5, mainiacjoe_overflow_cross_hatched,
          minmay_temple_entry_grid, uniq_duvessa
D:7:      layout_cave_pods, mainiacjoe_overflow_alcove_2, cheibriados_altar_1
D:8:      layout_loops_cross, lemuel_tele_altar, okawaru_altar_gauntlet_db,
          serial_shops, nicolae_shop_statue_plus, shop, nicolae_shop_trees,
          nicolae_stop_n_shop_2, shop, nicolae_underground_beach, uniq_pikel
D:9:      layout_basic, bloody_makhleb, lair_entry_dummy
D:10:     layout_rooms, orc_0_dummy, nicolae_trove_entry_free_sample,
          serial_bayou, serial_bayou_shore_a, serial_bayou_shore_b,
          serial_bayou_pond_d, serial_bayou_crossing, uniq_urug, uniq_harold,
          uniq_erica
D:11:     layout_cave_pools, serial_glass, glass_columns_a, glass_columns_a,
          minmay_microvault
Lair:1:   layout_gridlike, uniq_sonja
Lair:2:   layout_long_grid, guppyfry_snake_entry_garden, basic_altar,
          nicolae_quartered_pool_impasse, tgw_fedhas

Skill      XL: |  1  2  3  4  5  6  7  8  9 10 11 |
---------------+----------------------------------+-----
Axes           | 4 5 6 7 9 10 12 14 16 | 16.0
Fighting       | 4 6 7 9 11 12 | 12.1
Throwing       | 2 4 |  4.7
Armour         | 3 4 5 |  5.2
Dodging        | 3 5 |  5.1

Action                   |  1- 3 |  4- 6 |  7- 9 | 10-12 || total
-------------------------+-------+-------+-------+-------++-------
Melee: Hand axe          |    83 |    78 |    95 |       ||   256
       Headbutt          |     4 |    10 |    30 |    19 ||    63
       Punch             |       |     1 |       |     2 ||     3
       War axe           |       |       |    87 |   164 ||   251
Throw: Boomerang         |       |       |    36 |    39 ||    75
       Javelin           |       |       |       |    11 ||    11
Invok: Berserk           |     1 |     5 |    11 |    13 ||    30
  Use: Scroll            |     7 |    10 |     1 |     4 ||    22
       Potion            |     2 |     1 |       |       ||     3
Armor: Animal skin       |     6 |       |       |       ||     6
       Scale mail        |     2 |    14 |    45 |    34 ||    95
Dodge: Dodged            |    30 |    40 |    88 |    93 ||   251
       Repelled          |       |       |     1 |     5 ||     6

Table legend:
 A = Non-vault XP
 B = Vault XP
 C = Vault XP percentage of total XP
 D = Non-vault monster count
 E = Vault monster count
 F = Vault count percentage of total count
                 A         B        C        D         E       F
            +---------+---------+-------+---------+---------+-------
      Total |   11671 |    3672 |  23.9 |     197 |      17 |   7.9
            +---------+---------+-------+---------+---------+-------
        D:1 |      48 |       0 |   0.0 |      27 |       0 |   0.0
        D:2 |      31 |       0 |   0.0 |      13 |       0 |   0.0
        D:3 |      82 |       0 |   0.0 |      22 |       0 |   0.0
        D:4 |     380 |       0 |   0.0 |      24 |       0 |   0.0
        D:5 |     882 |      55 |   5.9 |      12 |       3 |  20.0
        D:6 |     857 |     223 |  20.6 |      27 |       2 |   6.9
        D:7 |    1016 |       0 |   0.0 |      19 |       0 |   0.0
        D:8 |    1572 |     597 |  27.5 |      19 |       7 |  26.9
        D:9 |     702 |       0 |   0.0 |       4 |       0 |   0.0
       D:10 |    1511 |    1707 |  53.0 |       8 |       2 |  20.0
       D:11 |     602 |       0 |   0.0 |       6 |       0 |   0.0
     Lair:1 |    2716 |     776 |  22.2 |      12 |       1 |   7.7
     Lair:2 |    1272 |     314 |  19.8 |       4 |       2 |  33.3
            +---------+---------+-------+---------+---------+-------
